 Dungeon Crawl Stone Soup version 0.15-a0-1968-gb423ccb (webtiles) character file.

134 FiftyNine the Cudgeler (level 5, -2/52 HPs)
             Began as a Human Wanderer on July 10, 2014.
             Slain by an ogre
             ... wielding a +0 giant spiked club
              (11 damage)
             ... on Level 4 of the Dungeon.
             The game lasted 00:13:53 (3801 turns).

FiftyNine the Cudgeler (Human Wanderer)             Turns: 3801, Time: 00:13:53

HP  -2/52        AC 22     Str 17      XL: 5   Next: 40%
MP   7/7         EV  2     Int 12      God:
Gold 123         SH  0     Dex 11      Spells:  0 memorised,  6 levels left

rFire  . . .     SeeInvis .     a - +2 mace
rCold  . . .     Clarity  .     b - melded +0 ring mail
rNeg   + + +     rCorr    .     (no shield)
rPois  +         rRot     .     (no helmet)
rElec  .         Spirit   .     (cloak currently unavailable)
SustAb .         Warding  .     (gloves currently unavailable)
rMut   .         NoTele   +     (boots currently unavailable)
Gourm  .                        (no amulet)
MR     +....                    (no ring)
                                (no ring)

@: tree-form, somewhat resistant to hostile enchantments, unstealthy
A: magic resistance 1, (poison resistance), strong 1
a: no special abilities


You were on level 4 of the Dungeon.
You were not hungry.
You were an animated tree.
You visited 1 branch of the dungeon, and saw 4 of its levels.

You collected 123 gold pieces.

Inventory:

Hand weapons
 a - a +2 mace (weapon)
Missiles
 e - 4 tomahawks (quivered)
 h - 37 stones
Armour
 b - a +0 ring mail (melded)
Comestibles
 d - a bread ration
 g - a beef jerky
 m - 2 meat rations
Scrolls
 i - a scroll of remove curse
 j - 4 scrolls of identify
 k - 4 scrolls of enchant armour
Potions
 f - a potion of cancellation
 n - a potion of agility


   Skills:
 + Level 6.3 Maces & Flails
 - Level 1.0 Armour
 - Level 1.0 Stealth
   Level 1.0 Shields
 - Level 1.0 Spellcasting
   Level 2.0 Earth Magic


You had 6 spell levels left.
You didn't know any spells.

Dungeon Overview and Level Annotations

Branches:
Dungeon (4/15)
 Temple: D:4-7

Altars:

Annotations:
D:3 Herrn's ghost, average GrFi


Innate Abilities, Weirdness & Mutations

You are resistant to hostile enchantments.
((Your system is resistant to poisons.))*
Your muscles are strong. (Str +2)


Message History

The ogre is severely wounded.
You barely miss the ogre.
The ogre is severely wounded.
The ogre hits you with a giant spiked club.
You hit the ogre.
The ogre is severely wounded.
The ogre hits you with a giant spiked club.
You hit the ogre.
The ogre is almost dead.
The ogre hits you with a giant spiked club!
You hit the ogre but do no damage.
The ogre is almost dead.
The ogre hits you with a giant spiked club!
* * * LOW HITPOINT WARNING * * *
You barely miss the ogre.
The ogre is almost dead.
You barely miss the ogre.
The ogre is almost dead.
The ogre hits you with a giant spiked club!
You die...

#...# ... . ###...####+##.. ##+#.
#............# #...##+##+
#............# +...#.....
#............+ #...#.....
#............# #...+..<..
####............##+##+##...##'###
....#+###...#+#O..........>......
........+...+ #.♣.............<..
......#+#...# +..................
######...#+## #..................
#...# #.................. #...+
#....#####+#...#+## ######...#
#....# #...# .......### +....#
#...# .......+ #....+ +...+
.......# ....# #...#


You could see an ogre.

Vanquished Creatures
  Ijyb (D:2)
  4 adders
  2 giant mites
  2 worms (D:2)
  4 giant geckos
  8 bats
  4 goblins
  7 hobgoblins
  11 kobolds
  A quokka (D:3)
  3 giant newts
  A hobgoblin zombie (D:3)
  3 rats
51 creatures vanquished.

Notes
Turn   | Place    | Note
--------------------------------------------------------------
     0 | D:1      | FiftyNine, the Human Wanderer, began the quest for the Orb.
     0 | D:1      | Reached XP level 1. HP: 13/13 MP: 2/2
   145 | D:1      | Reached XP level 2. HP: 4/19 MP: 3/3
   746 | D:1      | Gained mutation: You are resistant to hostile enchantments. [potion of mutation]
   746 | D:1      | Gained mutation: Your muscles are strong. (Str +2) [potion of mutation]
   746 | D:1      | Gained mutation: Your system is resistant to poisons. [potion of mutation]
   807 | D:1      | Reached XP level 3. HP: 22/24 MP: 4/4
   879 | D:2      | Reached skill level 5 in Maces & Flails
   961 | D:2      | Noticed Ijyb
   977 | D:2      | Killed Ijyb
   977 | D:2      | Reached XP level 4. HP: 25/30 MP: 5/5
  2002 | D:3      | Noticed Herrn's ghost (average GrFi)
  2744 | D:3      | Noticed an ogre
  3005 | D:3      | Reached XP level 5. HP: 35/35 MP: 7/7
  3168 | D:2      | Reached skill level 6 in Maces & Flails
  3773 | D:4      | Noticed an ogre
  3801 | D:4      | Slain by an ogre

Action                   |  1- 3 |  4- 6 || total
-------------------------+-------+-------++-------
Melee: Mace              |    66 |   145 ||   211
Throw: Stone             |     6 |    14 ||    20
  Use: Potion            |     5 |     1 ||     6
       Scroll            |     4 |     4 ||     8
 Stab: Sleeping          |     1 |       ||     1
  Eat: Chunk             |       |     8 ||     8
       Beef jerky        |       |     1 ||     1
